 Dungeon Crawl Stone Soup version 0.30-a0-702-gdf48620a09 (webtiles) character file.

Game seed: 8886301161365995041

121 drugrobin the Sneak (level 4, 0/38 HPs)
             Began as a Demigod Delver on Jan 22, 2023.
             Slain by a gnoll
             ... wielding a +0 club
              (4 damage)
             ... on level 3 of the Dungeon.
             The game lasted 00:05:56 (2296 turns).

drugrobin the Sneak (Demigod Delver)                Turns: 2296, Time: 00:05:57

Health: 0/38       AC:  7    Str: 17    XL:     4   Next: 49%
Magic:  6/6        EV: 11    Int: 12    God:
Gold:   82         SH:  0    Dex: 15    Spells: 2/3 levels left

rFire   . . .      SeeInvis .      - Unarmed
rCold   . . .      Faith    .    (no shield)
rNeg    . . .      Spirit   .    g - +0 ring mail
rPois   .          Reflect  .    (no helmet)
rElec   .          Harm     .    (no cloak)
rCorr   .          Rampage  .    (no gloves)
Will    .....                    (no boots)
Stlth   ++                       (no amulet)
HPRegen 0.26/turn                (no ring)
MPRegen 0.10/turn                (no ring)

@: mighty
A: high MP 1, forlorn, divine attributes, iridescent scales 1, inability to read
after injury 1
a: no special abilities


You were on level 3 of the Dungeon.
You visited 1 branch of the dungeon, and saw 5 of its levels.

You collected 82 gold pieces.

Inventory:

Hand Weapons
 d - a +2 mace of draining
Armour
 a - a +0 leather armour
 g - a +0 ring mail (worn)
Wands
 f - a wand of digging (10)
 h - a wand of iceblast (1)
Scrolls
 b - a scroll of fog
 c - 2 scrolls of magic mapping
 i - a scroll of teleportation {unknown}
 k - a scroll of fear
 m - a scroll of blinking {unknown}
 p - a scroll of immolation {unknown}
 r - 2 scrolls of identify {unknown}
Potions
 e - 3 potions of haste
 n - a potion of might
 q - a potion of heal wounds {unknown}


   Skills:
 + Level 3.4 Fighting
 + Level 2.7 Dodging
 + Level 5.1 Stealth
 + Level 2.6 Unarmed Combat


You had 2 spell levels left.
You knew the following spells:

 Your Spells              Type           Power      Damage    Failure   Level
a - Shock                 Conj/Air       0%         1d3       52%         1

Your spell library contained the following spells:

 Spells                   Type           Power      Damage    Failure   Level
 Swiftness                Air            0%         N/A       88%         3
 Airstrike                Air            0%         2d(0-16)  99%         4


Dungeon Overview and Level Annotations

Branches:
Dungeon (5/15)
 Temple: D:4-7

Annotations:
D:2 exclusion: adder
D:3 exclusions: adder, dart slug and endoplasm


Innate Abilities, Weirdness & Mutations

You have an increased reservoir of magic. (+10% MP)
You shall have no god before yourself.
Your divine heritage dramatically boosts your attributes as you level up.
You are partially covered in iridescent scales. (AC +2)
You occasionally lose the ability to read scrolls when taking damage.


Message History

The gnoll shouts!
You hit something.
Unknown command.
You miss something. The gnoll closely misses you. Something hits you.
The gnoll misses you. The gnoll completely misses you.
You barely miss something. The gnoll hits you with a +0 club.
You hear some strange, mumbled words.
A magic dart appears from out of thin air!
The magic dart hits you. The gnoll barely misses you.
The gnoll hits you with a +0 flail.
You barely miss something. The gnoll closely misses you.
Something completely misses you. The gnoll barely misses you.
The gnoll hits you with a +0 flail!
You closely miss something. The gnoll closely misses you. Something hits you.
The gnoll hits you but does no damage. The gnoll hits you with a +0 flail.
* * * LOW HITPOINT WARNING * * *
Unknown command.
The gnoll attacks as you move away! The gnoll hits you with a +0 flail.
* * * LOW HITPOINT WARNING * * *
Something hits you but does no damage. Something hits you but does no damage.
The gnoll attacks as you move away! The gnoll hits you but does no damage.
The gnoll attacks as you move away! The gnoll closely misses you.
The gnoll attacks as you move away! The gnoll closely misses you.
The gnoll attacks as you move away! The gnoll closely misses you.
The gnoll attacks as you move away! The gnoll barely misses you.
The gnoll attacks as you move away! The gnoll hits you with a +0 club.
* * * LOW HITPOINT WARNING * * *
The gnoll attacks as you move away! The gnoll hits you with a +0 club.
* * * LOW HITPOINT WARNING * * *
An orc wizard appears from thin air!
Reactivating autopickup.
The orc wizard casts a spell.
The orc wizard flickers and vanishes!
Deactivating autopickup; reactivate with Ctrl-A.
Okay, then.
It was a potion of might.
You feel very mighty all of a sudden. The gnoll hits you with a +0 club.
You die...

............ .J
..........# ...
#.....).# .w..
##.......# ....
##......### ....
.......g# .... ......g.#
....
........################
....
..........ggg..g@......#
####
......################.#
####### #...#.# #.#.#.#
#.#.#.# #.#.#.# #.#.#.#
#.#<#.# #.#.#.#


You could see 4 gnolls.

Vanquished Creatures
  Jessica (D:2)
  Robin (D:2)
  A worm (D:2)
  3 dart slugs
  3 orcs (D:3)
  4 bats (D:1)
  4 endoplasms
  4 giant cockroaches
  14 goblins
  9 hobgoblins
  2 jackals (D:1)
  2 kobolds
  5 quokkas
  2 ball pythons
  2 frilled lizards
  4 rats
61 creatures vanquished.

Vanquished Creatures (others)
  7 toadstools (D:3)
7 creatures vanquished.

Grand Total: 68 creatures vanquished

Notes
Turn   | Place    | Note
-------+----------+-------------------------------------------
     0 | D:5      | drugrobin the Demigod Delver began the quest for the Orb.
     0 | D:5      | Reached XP level 1. HP: 18/18 MP: 3/3
     6 | D:5      | Noticed a hound
    32 | D:4      | Noticed a hound
   299 | D:1      | Reached XP level 2. HP: 25/25 MP: 4/4
   740 | D:1      | Reached XP level 3. HP: 27/31 MP: 5/5
  1392 | D:2      | Learned a level 1 spell: Shock
  1566 | D:2      | Noticed Jessica
  1577 | D:2      | Killed Jessica
  1578 | D:2      | Reached skill level 5 in Stealth
  1578 | D:2      | Reached XP level 4. HP: 14/38 MP: 6/6
  1848 | D:2      | Identified the -1 helmet of Narcissism {rElec}
  1848 | D:2      | Noticed Robin
  1860 | D:2      | Killed Robin
  1899 | D:2      | Gained mutation: You occasionally lose the ability to read
                  | scrolls when taking damage. [potion of mutation]
  1899 | D:2      | Gained mutation: You are frail. (-10% HP) [potion of
                  | mutation]
  1899 | D:2      | Gained mutation: You have a considerably increased
                  | reservoir of magic. (+20% MP) [potion of mutation]
  1903 | D:2      | HP: 1/51 [goblin/+0 club[Robin] (3)]
  2142 | D:2      | Lost mutation: You have a considerably increased reservoir
                  | of magic. (+20% MP) [potion of mutation]
  2142 | D:2      | Lost mutation: You are frail. (-10% HP) [potion of
                  | mutation]
  2142 | D:2      | Gained mutation: You are partially covered in iridescent
                  | scales. (AC +2) [potion of mutation]
  2296 | D:3      | Slain by a gnoll

Illustrated notes

Levels and vault maps discovered:
D:1:      kennysheep_arrival_forest, layout_basic,
          hellmonk_ecumenical_altar_slurped_away, serial_curves, eino_curves_04,
          eino_curves_03
D:2:      layout_loops_ring, kennysheep_jessica_study, uniq_robin
D:3:      cheibrodos_fertilizer, layout_basic
D:4:      minmay_clustersquares, layout_basic,
          chequers_temple_overflow_statue_of_worship, ebering_ghost_inner_flame
D:5:      layout_gridville, temple_green, dreamdust_mushroom_princess,
          uniq_crazy_yiuf_cottage

Skill      XL: |  1  2  3 |
---------------+----------+-----
Dodging        | 2 |  2.7
Unarmed Combat | 2 |  2.6
Fighting       | 3 |  3.4
Stealth        | 5 |  5.1

Action                   |  1- 3 |  4- 6 || total
-------------------------+-------+-------++-------
Melee: Unarmed           |   145 |    77 ||   222
       Dagger            |     4 |       ||     4
       War axe           |     2 |       ||     2
       Punch             |     1 |     1 ||     2
       Mace              |       |    10 ||    10
Evoke: Wand              |     2 |       ||     2
  Use: Potion            |       |     4 ||     4
 Stab: Sleeping          |    11 |       ||    11
       Distracted        |       |     1 ||     1
Armor: Leather armour    |     2 |       ||     2
       Ring mail         |    42 |    30 ||    72
Dodge: Dodged            |    87 |    69 ||   156

Table legend: (Time is in decaauts)
 A = Elapsed time spent in this place.
 B = Non-inter-level travel time spent in this place.
 C = Inter-level travel time spent in this place.
 D = Time resting spent in this place.
 E = Time spent auto-exploring this place.
 F = Levels seen in this place.
 G = Mean time per level.
                   A        B        C        D        E       F      G
               +--------+--------+--------+--------+--------+-----+--------+
         Total |   2294 |   2245 |     49 |    212 |   1374 |   5 |  458.8 |
       Dungeon |   2294 |   2245 |     49 |    212 |   1374 |   5 |  458.8 |
               +--------+--------+--------+--------+--------+-----+--------+

Top non-repeatable levels by time:
     D:2: 1007 daAuts
     D:1: 989 daAuts
     D:3: 260 daAuts
     D:4: 25 daAuts
     D:5: 11 daAuts
